 Dungeon Crawl Stone Soup version 0.14-a0-1663-g0b35444 (webtiles) character file.

160 MirrMurr the Sneak (level 4, -3/21 HPs)
             Began as a Spriggan Enchanter on Dec 28, 2013.
             Slain by a goblin
             ... wielding a +0,+2 orcish dagger
              (4 damage)
             ... on Level 2 of the Dungeon.
             The game lasted 00:05:21 (2221 turns).

MirrMurr the Sneak (Spriggan Enchanter)             Turns: 2221, Time: 00:05:22

HP  -3/21        AC  3     Str  5      XL: 4   Next: 27%
MP   8/12        EV 18     Int 16      God:
Gold 74          SH  0     Dex 16      Spells:  3 memorised,  2 levels left

rFire  . . .     SeeInvis +     a - +1 dagger
rCold  . . .     Clarity  .     b - +1 robe
rNeg   . . .     Conserve .     (shield restricted)
rPois  .         rCorr    +     y - +0 cap
rElec  .         rRot     .     (no cloak)
SustAb . .       Spirit   .     (gloves unavailable)
rMut   .         Warding  .     (boots unavailable)
Saprov . . .     Stasis   .     k - amulet of resist corrosion
                                (no ring)
                                l - ring of wizardry

@: very quick, slightly resistant to hostile enchantments, very stealthy
A: unfitting armour, see invisible, herbivore 3, speed 3, slow metabolism 2
a: no special abilities


You were on level 2 of the Dungeon.
You were not hungry.

You visited 1 branch of the dungeon, and saw 2 of its levels.

You collected 74 gold pieces.

Inventory:

Hand weapons
 a - a +1,+1 dagger (weapon)
 x - a +2,+0 sling of flame
Missiles
 d - 12 darts (quivered)
Armour
 b - a +1 robe (worn)
 o - a +0 orcish robe
 s - a +0 robe
 v - a +0 robe
 y - a +0 cap (worn)
Magical devices
 z - a wand of slowing (2)
Comestibles
 h - 3 bread rations
 n - 2 snozzcumbers
Scrolls
 g - a scroll of curse weapon {unknown}
 i - a scroll of identify
 m - a scroll of enchant armour {unknown}
 p - 2 scrolls of fear {unknown}
 q - a scroll of fog {unknown}
 u - a scroll of blinking {unknown}
 w - a scroll of enchant weapon I {unknown}
 A - a scroll of immolation {unknown}
Jewellery
 k - an amulet of resist corrosion (around neck)
 l - a ring of wizardry (left hand)
Potions
 e - a potion of porridge
 f - a potion of brilliance
 j - 2 potions of curing
 r - a potion of restore abilities {unknown}
 t - a potion of heal wounds {unknown}
Books
 c - a book of Maledictions

   Spells                             Type                      Level
   *Corona                            Hexes                        1
   Sure Blade                         Hexes/Charms                 2
   *Ensorcelled Hibernation           Hexes/Ice                    2
   *Confuse                           Hexes                        3
   Enslavement                        Hexes                        4
   Invisibility                       Hexes                        6


   Skills:
 + Level 2.2 Short Blades
 - Level 1.1 Throwing
 - Level 3.0 Dodging
 + Level 6.5 Stealth
 - Level 2.6 Spellcasting
 - Level 3.6 Hexes


You had 2 spell levels left.
You knew the following spells:

 Your Spells              Type           Power        Failure   Level  Hunger
a - Ensorcelled Hibernat  Hex/Ice        #.....       7%          2    ##.....
b - Confuse               Hex            ##......     5%          3    ###....
Z - Corona                Hex            ##.....      2%          1    #......


Dungeon Overview and Level Annotations

Branches:
Dungeon (2/16)

Altars:
Okawaru


Innate Abilities, Weirdness & Mutations

You are tiny and cannot use many weapons and most armour.
You have supernaturally acute eyesight.
You are a herbivore.
You cover ground extremely quickly.
You need consume almost no food.


Message History

Casting: Ensorcelled Hibernation
Confirm with . or Enter, or press ? or * to list all spells.
Aiming: Ensorcelled Hibernation
Press: ? - help, Shift-Dir - straight line, f/p - hobgoblin
Aim: a hobgoblin, wielding a club The hobgoblin looks drowsy...
The hobgoblin shouts!
The hobgoblin hits you with a club.
* * * LOW HITPOINT WARNING * * *
You hit the hobgoblin but do no damage.
You see here a giant gecko corpse.
A goblin comes into view. It is wielding an orcish dagger.
An adder and a goblin come into view.
The goblin shouts!
The goblin hits you with an orcish dagger.
* * * LOW HITPOINT WARNING * * *
You are too injured to fight recklessly!
The goblin misses you.
The goblin hits you with an orcish dagger.
You die...

#.# ##.##.# #.# #....#
#g# ####.. #.# ###.
#.# .... # #.# ####.
#.#####.########.#....
#.....g.......#...>...
####.@.Sg........#.##.
#.########.# #.... #.
#.##. #. # #. #. #. #.
#. #. .. #. ... . .##


You could see an adder and 2 goblins.

Vanquished Creatures
  An orc wizard (D:1)
  An adder (D:2)
  A giant gecko (D:2)
  An ooze (D:1)
  2 giant cockroaches
  6 hobgoblins
  6 jackals
  A ball python (D:2)
  5 bats
  3 giant newts (D:2)
  6 goblins
  4 kobolds
  A quokka (D:2)
  8 rats
46 creatures vanquished.

Notes
Turn   | Place    | Note
--------------------------------------------------------------
     0 | D:1      | MirrMurr, the Spriggan Enchanter, began the quest for the Orb.
     0 | D:1      | Reached XP level 1. HP: 9/9 MP: 4/4
   243 | D:1      | Reached skill level 4 in Stealth
   516 | D:1      | Reached XP level 2. HP: 4/13 MP: 7/7
   710 | D:1      | Learned a level 2 spell: Ensorcelled Hibernation
   917 | D:1      | Reached skill level 6 in Stealth
   917 | D:1      | Reached XP level 3. HP: 16/16 MP: 1/9
  1664 | D:2      | Learned a level 3 spell: Confuse
  1668 | D:2      | Found an iron altar of Okawaru.
  1716 | D:2      | Reached XP level 4. HP: 21/21 MP: 9/12
  2218 | D:2      | HP: 1/21 [goblin/orcish dagger (1)]
  2221 | D:2      | Slain by a goblin

Action                   |  1- 3 |  4- 6 || total
-------------------------+-------+-------++-------
Melee: Dagger            |   140 |    86 ||   226
 Cast: Ensorcelled Hiber |     4 |     3 ||     7
Evoke: Wand              |       |     1 ||     1
  Use: Scroll            |     2 |     1 ||     3
       Potion            |     1 |       ||     1
 Stab: Sleeping          |     4 |     1 ||     5
